 Dungeon Crawl Stone Soup version 0.30-a0-222-ge547ba4400 (webtiles) character file.

Game seed: 7556387944330039627

1092 Aibolit the Slasher (level 8, -3/70 HPs)
             Began as a Hill Orc Fighter on Oct 8, 2022.
             Was an Initiate of Okawaru.
             Slain by a troll (6 damage)
             ... on level 6 of the Dungeon.
             The game lasted 00:20:34 (6158 turns).

Aibolit the Slasher (Hill Orc Fighter)              Turns: 6158, Time: 00:20:35

Health: -3/70      AC: 10    Str: 21    XL:     8   Next: 31%
Magic:  8/8        EV:  7    Int: 13    God:    Okawaru [......]
Gold:   223        SH:  4    Dex: 10    Spells: 7/7 levels left

rFire   . . .      SeeInvis .    f - +9 long sword of the Telling Gods {speed, rPois rCorr Int+5}
rCold   . . .      Faith    +    c - +0 buckler
rNeg    . . .      Spirit   .    r - +0 chain mail
rPois   +          Reflect  .    (no helmet)
rElec   .          Harm     .    (no cloak)
rCorr   +          Rampage  .    (no gloves)
Will    .....                    (no boots)
Stlth   ..........               l - amulet of faith
HPRegen 0.31/turn                (no ring)
MPRegen 0.11/turn                (no ring)

@: mighty
A: no striking features
a: Renounce Religion


You were on level 6 of the Dungeon.
You worshipped Okawaru.
Okawaru was noncommittal.
You visited 1 branch of the dungeon, and saw 6 of its levels.

You collected 361 gold pieces.
You spent 138 gold pieces at shops.

Inventory:

Hand Weapons
 f - the +9 long sword of the Telling Gods (weapon) {speed, rPois rCorr Int+5}
   (You found it on level 2 of the Dungeon)

   Attacks with this weapon are significantly faster.
   Int:       It affects your intelligence (+5).
   rPois:     It protects you from poison.
   rCorr:     It protects you from acid and corrosion.
Armour
 c - a +0 buckler (worn)
 r - a +0 chain mail (worn)
Jewellery
 l - an amulet of faith (around neck)
Scrolls
 g - 2 scrolls of vulnerability
 h - 2 scrolls of magic mapping
 k - 5 scrolls of teleportation
 n - a scroll of noise
 o - 2 scrolls of enchant armour
 s - a scroll of amnesia
 t - a scroll of fog {unknown}
 v - a scroll of blinking {unknown}
 w - a scroll of fear
 x - a scroll of immolation
 y - a scroll of summoning {unknown}
 z - a scroll of identify
Potions
 a - 4 potions of curing
 b - a potion of resistance {unknown}
 d - a potion of might
 e - a potion of brilliance {unknown}
 i - 2 potions of lignification
 j - a potion of magic {unknown}
 m - a potion of mutation {unknown}
 p - a potion of berserk rage {unknown}
 q - 3 potions of haste
 u - a potion of heal wounds {unknown}


   Skills:
 + Level 5.9 Fighting
 + Level 6.3 Long Blades
 + Level 4.1 Axes
 + Level 5.9 Armour
 + Level 0.6 Dodging
 + Level 1.1 Stealth
 + Level 4.4 Shields


You had 7 spell levels left.
You didn't know any spells.
Your spell library contained the following spells:

 Spells                   Type           Power      Damage    Failure   Level
 Apportation              Tloc           0%         N/A       97%         1
 Ensorcelled Hibernation  Hex/Ice        0%         N/A       99%         2
 Passwall                 Tmut/Erth      0%         N/A       99%         2
 Swiftness                Air            0%         N/A       100%        3
 Alistair's Intoxication  Tmut/Pois      0%         N/A       100%        5
 Blade Hands              Tmut           0%         N/A       100%        5
 Irradiate                Conj/Tmut      0%         3d11      100%        5
 Dragon Form              Tmut           0%         N/A       100%        7


Dungeon Overview and Level Annotations

Branches:
Dungeon (6/15)
 Temple: D:4-7

Altars:
Cheibriados
Hepliaklqana
Okawaru
Uskayaw
Zin

Shops:
D:3 ?!(

Annotations:
D:6 2 runed translucent doors


Message History

The bullfrog hits you but does no damage.
You slash the bullfrog!
You kill the bullfrog!
Okawaru accepts your kill.
No target in view!
You see here a bullfrog corpse.
You open the door.
There is an open door here.
You open the door.
Found a stone staircase leading down.
You open the door.
There is an open door here.
You open the door.
There is an open door here.
You now have 223 gold pieces (gained 12).
Found a stone staircase leading up.
You open the door. You open the door.
A troll comes into view.
The troll shouts!
You barely miss the troll. The troll bites you. The troll claws you.
The troll claws you but does no damage.
You slash the troll!
The troll is moderately wounded.
The troll bites you. The troll claws you! x2
You slash the troll!
The troll is heavily wounded.
You barely miss the troll.
The troll is heavily wounded.
The troll bites you! You block the troll's attack. The troll claws you.
You are too injured to fight recklessly!
You are too injured to fight recklessly!
You are too injured to fight recklessly!
You feel very mighty all of a sudden. The troll bites you!
* * * LOW HITPOINT WARNING * * *
The troll claws you!
* * * LOW HITPOINT WARNING * * *
The troll claws you.
You die...

#..####....##.##.##.##.##.##
##.
######......###...###...###
## ##.........#.....# ....
###..........'..8..+..>..+
#............#.....#.....#
#............##...###...##
#.............##.## ##
#..............###...##
#..........<...@T.....+
####............##...##
###..........# ##
####.....### #######


You could see a troll.

Vanquished Creatures
  A wyvern (D:6)
  A bullfrog (D:6)
  A scorpion (D:4)
  2 necrophages (D:5)
  5 wights (D:4)
  An orc priest (D:5)
  2 hounds
  An iguana (D:4)
  Terence (D:2)
  10 gnolls (D:5)
  6 adders
  A white imp (D:5)
  A worm (D:4)
  4 dart slugs
  16 orcs
  4 endoplasms
  A giant cockroach (D:1)
  29 hobgoblins
  2 jackals (D:1)
  7 ball pythons
  9 bats
  3 frilled lizards
  23 goblins
  10 kobolds
  4 rats
  A spectral orc (D:3)
146 creatures vanquished.

Vanquished Creatures (others)
  2 fungi (D:2)
  A plant (D:1)
3 creatures vanquished.

Grand Total: 149 creatures vanquished

Notes
Turn   | Place    | Note
-------+----------+-------------------------------------------
     0 | D:1      | Aibolit the Hill Orc Fighter began the quest for the Orb.
     0 | D:1      | Reached XP level 1. HP: 19/19 MP: 1/1
   162 | D:1      | Reached XP level 2. HP: 27/27 MP: 2/2
   165 | D:1      | Found a faded altar of an unknown god.
  1234 | D:2      | Reached XP level 3. HP: 28/33 MP: 3/3
  1313 | D:2      | Identified the +9 long sword of the Telling Gods {speed,
                  | rPois rCorr Int+5}
  1498 | D:2      | Reached XP level 4. HP: 40/40 MP: 4/4
  1508 | D:2      | Noticed Terence
  1515 | D:2      | Killed Terence
  2183 | D:3      | Found a hide-covered altar of Uskayaw.
  2186 | D:3      | Found a glowing silver altar of Zin.
  2320 | D:3      | Found Allariv's Weapon Shoppe.
  2389 | D:3      | Found a hazy altar of Hepliaklqana.
  2506 | D:3      | Found Yteloepe's Magic Scroll Emporium.
  2518 | D:3      | Bought a scroll of identify for 24 gold pieces
  2518 | D:3      | Bought a scroll of identify for 24 gold pieces
  2518 | D:3      | Bought a scroll of enchant armour for 90 gold pieces
  2865 | D:3      | Found Effic's Distillery.
  2896 | D:3      | Reached XP level 5. HP: 44/46 MP: 5/5
  3394 | D:4      | Reached skill level 1 in Long Blades
  3396 | D:4      | Reached skill level 2 in Long Blades
  3396 | D:4      | Reached skill level 1 in Stealth
  3396 | D:4      | Reached XP level 6. HP: 41/52 MP: 6/6
  3458 | D:4      | Reached skill level 3 in Long Blades
  3458 | D:4      | Reached skill level 5 in Armour
  3909 | D:4      | Reached XP level 7. HP: 45/60 MP: 7/7
  4252 | D:4      | Reached skill level 5 in Fighting
  4457 | D:5      | Entered Level 5 of the Dungeon
  4460 | D:5      | Found an iron altar of Okawaru.
  4462 | D:5      | Reached skill level 4 in Long Blades
  4593 | D:5      | Became a worshipper of Warmaster Okawaru
  4912 | D:5      | Reached skill level 5 in Long Blades
  5389 | D:5      | Reached XP level 8. HP: 69/69 MP: 8/8
  5510 | D:5      | Found a snail-covered altar of Cheibriados.
  5997 | D:6      | Noticed a wyvern
  6007 | D:6      | Killed a wyvern
  6008 | D:6      | Reached skill level 6 in Long Blades
  6051 | D:6      | Found a large runed translucent door.
  6053 | D:6      | Found a large runed translucent door.
  6153 | D:6      | Noticed a troll
  6158 | D:6      | HP: 3/70 [troll (10)]
  6158 | D:6      | Slain by a troll

Illustrated notes

Levels and vault maps discovered:
D:1:      nzn_arrival_depleted_hourglass, layout_basic,
          shapermc_ecumenical_altar_acropolis
D:2:      layout_loops_ring, uniq_crazy_yiuf_cottage, uniq_terence
D:3:      layout_basic, nicolae_overflow_squiral,
          nicolae_hepliaklqana_monster_ancestors, serial_shops,
          nicolae_square_shop, nicolae_shop_hallway_plus,
          nicolae_shop_bloodbath_and_beyond, hangedman_feature_mirror,
          kennysheep_boxes
D:4:      layout_loops_ring, minmay_quantized
D:5:      minmay_goblin_kobold_castle, layout_rooms, kennysheep_slug_shrine,
          okawaru_gym_becter
D:6:      due_chaos_kobolds, layout_cave_pods, nicolae_hexahallways

Skill      XL: |  1  2  3  4  5  6  7  8 |
---------------+-------------------------+-----
Fighting       | 4 5 |  5.9
Axes           | 3 4 |  4.1
Shields        | 4 |  4.4
Armour         | 4 5 |  5.9
Long Blades    | 2 3 5 6 |  6.3
Stealth        | 1 |  1.1
Dodging        | |  0.6

Action                   |  1- 3 |  4- 6 |  7- 9 || total
-------------------------+-------+-------+-------++-------
Melee: War axe           |    54 |       |       ||    54
       Long sword        |    10 |   104 |   191 ||   305
  Use: Scroll            |     1 |     6 |     4 ||    11
       Potion            |       |       |     2 ||     2
Armor: Scale mail        |    33 |    12 |       ||    45
       Chain mail        |       |    12 |    93 ||   105
Dodge: Dodged            |    23 |    21 |    59 ||   103
Block: Buckler           |    18 |    17 |    29 ||    64

Table legend: (Time is in decaauts)
 A = Elapsed time spent in this place.
 B = Non-inter-level travel time spent in this place.
 C = Inter-level travel time spent in this place.
 D = Time resting spent in this place.
 E = Time spent auto-exploring this place.
 F = Levels seen in this place.
 G = Mean time per level.
                   A        B        C        D        E       F      G
               +--------+--------+--------+--------+--------+-----+--------+
         Total |   6143 |   4742 |   1401 |    389 |   3480 |   6 | 1023.8 |
       Dungeon |   6143 |   4742 |   1401 |    389 |   3480 |   6 | 1023.8 |
               +--------+--------+--------+--------+--------+-----+--------+

Top non-repeatable levels by time:
     D:5: 1428 daAuts
     D:3: 1203 daAuts
     D:1: 1165 daAuts
     D:4: 1147 daAuts
     D:2: 996 daAuts
     D:6: 201 daAuts
